 Dungeon Crawl Stone Soup version 0.29-a0-1061-gbc57f8fbdb (webtiles) character file.

Game seed: 15988714739750591474

53 BritishOli the Trooper (level 3, 0/29 HPs)
             Began as a Demonspawn Fighter on Aug 18, 2022.
             Slain by an orc wizard
             ... wielding a +0 dagger
              (1 damage)
             ... on level 3 of the Dungeon.
             The game lasted 00:00:52 (1237 turns).

BritishOli the Trooper (Demonspawn Fighter)         Turns: 1237, Time: 00:00:53

Health: 0/29       AC:  7    Str: 18    XL:     3   Next: 62%
Magic:  3/3        EV:  9    Int:  9    God:
Gold:   128        SH:  0    Dex: 12    Spells: 2/2 levels left

rFire   . . .      SeeInvis .   a - +0 long sword
rCold   . . .      Faith    .   c - +0 buckler
rNeg    . . .      Spirit   .   b - +0 scale mail
rPois   .          Reflect  .   (no helmet)
rElec   .          Harm     .   (no cloak)
rCorr   .          Rampage  .   (no gloves)
Will    .....                   i - +0 pair of boots
Stlth   ..........              m - amulet of regeneration
HPRegen 0.89/turn               (no ring)
MPRegen 0.08/turn               (no ring)

@: confused
A: demonic guardian 1, powered by pain 1
a: no special abilities


You were on level 3 of the Dungeon.
You visited 1 branch of the dungeon, and saw 3 of its levels.

You collected 128 gold pieces.

Inventory:

Hand Weapons
 a - a +0 long sword (weapon)
Armour
 b - a +0 scale mail (worn)
 c - a +0 buckler (worn)
 i - a +0 pair of boots (worn)
Jewellery
 m - an amulet of regeneration (around neck)
 o - a +6 ring of dexterity
Scrolls
 f - 2 scrolls of teleportation {unknown}
 j - 3 scrolls of identify {unknown}
 n - a scroll of fear {unknown}
Potions
 d - a potion of might
 e - a potion of resistance {unknown}
 g - 2 potions of heal wounds {unknown}
 h - 2 potions of curing {unknown}
 k - 2 potions of flight {unknown}
 l - 2 potions of magic {unknown}
 p - a potion of lignification {unknown}


   Skills:
 + Level 3.4 Fighting
 + Level 2.3 Long Blades
 + Level 3.1 Armour
 + Level 3.1 Shields


You had 2 spell levels left.
You didn't know any spells.
Your spell library contained the following spells:

 Spells                   Type           Power      Damage    Failure   Level
 Sandblast                Erth           0%         2d4       86%         1
 Passwall                 Tmut/Erth      0%         N/A       94%         2
 Ignite Poison            Fire/Tmut/Pois 0%         N/A       99%         3
 Mephitic Cloud           Conj/Pois/Air  0%         N/A       99%         3
 Stone Arrow              Conj/Erth      0%         3d7       99%         3
 Freezing Cloud           Conj/Ice/Air   0%         6-21      100%        5


Dungeon Overview and Level Annotations

Branches:
Dungeon (3/15)

Altars:


Innate Abilities, Weirdness & Mutations

A weak demonic guardian rushes to your aid.
You sometimes gain a little power by taking damage.


Message History

You are confused.
You are too confused!
You are too confused!
The orc hits you but does no damage. The orc barely misses you.
The orc wizard casts a spell.
The orc wizard flickers and vanishes!
Deactivating autopickup; reactivate with Ctrl-A.
The orc barely misses you. The orc hits you but does no damage.
The orc hits you with a +0 falchion. The orc hits you with a +0 falchion.
The orc closely misses you. The orc hits you but does no damage.
The orc barely misses you. x2
You feel less confused. Something hits you but does no damage.
The orc hits you from afar with a +3 trident.
The orc barely misses you. You block the orc's attack.
Something hits you but does no damage.
The orc hits you from afar with a +3 trident.
You block the orc's attack. The orc hits you but does no damage.
The orc completely misses you. The orc misses you.
You block something's attack. The orc hits you but does no damage.
Something hits you but does no damage. The orc barely misses you.
The orc hits you with a +1 dagger of pain.
The orc hits you with a +0 falchion. The orc hits you with a +0 falchion.
You hear some strange, mumbled words.
You are confused.
The orc hits you from afar with a +3 trident.
The orc hits you with a +1 dagger of pain.
Something hits you but does no damage. The orc hits you but does no damage.
The orc barely misses you. The orc hits you with a +0 falchion.
Something hits you.
* * * LOW HITPOINT WARNING * * *
The orc hits you but does no damage.
The orc hits you with a +1 dagger of pain.
* * * LOW HITPOINT WARNING * * *
The orc hits you but does no damage. The orc hits you with a +0 falchion!
* * * LOW HITPOINT WARNING * * *
A demonic guardian appears!
Something hits you.
You die...

..# #...# . #..#.# .
#....# #.
#########...### #.
#.....#.......########.
#....{#.##....#........
#..>.o@................
#...oo#.##....#........
#....5#.###...######...
#######...^...# #.#.
######.## #.#. #.#
####.#. #.# #...... #.#
#.#.... #.# #.#.##.


You could see 3 orcs and a friendly ufetubus (summoned).

Vanquished Creatures
  2 adders (D:2)
  A dart slug (D:2)
  A bat (D:1)
  3 endoplasms
  2 giant cockroaches
  2 goblins
  2 hobgoblins (D:2)
  5 jackals
  4 ball pythons (D:1)
  3 frilled lizards
  2 kobolds
  3 rats
30 creatures vanquished.

Notes
Turn   | Place    | Note
-------+----------+-------------------------------------------
     0 | D:1      | BritishOli the Demonspawn Fighter began the quest for the
                  | Orb.
     0 | D:1      | Reached XP level 1. HP: 18/18 MP: 1/1
   275 | D:1      | Gained mutation: A weak demonic guardian rushes to your
                  | aid. [demonic ancestry]
   275 | D:1      | Reached XP level 2. HP: 24/24 MP: 2/2
   892 | D:2      | Gained mutation: You sometimes gain a little power by
                  | taking damage. [demonic ancestry]
   892 | D:2      | Reached XP level 3. HP: 29/29 MP: 3/3
  1237 | D:3      | HP: 1/29 [orc/+0 falchion (7)]
  1237 | D:3      | Slain by an orc wizard

Illustrated notes

Levels and vault maps discovered:
D:1:      scummos_arrival_simple_crosswalls, layout_loops_ring,
          minmay_shallow_snake_nest
D:2:      layout_loops_ring, minmay_tree_intersection, kennysheep_generic_room_6
D:3:      layout_loops_cross, ebering_ecumenical_altar_rust

Skill      XL: |  1  2 |
---------------+-------+-----
Long Blades    | 2 |  2.3
Shields        | 3 |  3.1
Armour         | 3 |  3.1
Fighting       | |  3.4

Action                   || total
-------------------------++-------
Melee: Long sword        ||    84
Armor: Scale mail        ||    61
Dodge: Dodged            ||    51
Block: Buckler           ||    21

Table legend: (Time is in decaauts)
 A = Elapsed time spent in this place.
 B = Non-inter-level travel time spent in this place.
 C = Inter-level travel time spent in this place.
 D = Time resting spent in this place.
 E = Time spent auto-exploring this place.
 F = Levels seen in this place.
 G = Mean time per level.
                   A        B        C        D        E       F      G
               +--------+--------+--------+--------+--------+-----+--------+
         Total |   1265 |   1139 |    126 |      0 |    904 |   3 |  421.7 |
       Dungeon |   1265 |   1139 |    126 |      0 |    904 |   3 |  421.7 |
               +--------+--------+--------+--------+--------+-----+--------+

Top non-repeatable levels by time:
     D:1: 835 daAuts
     D:2: 364 daAuts
     D:3: 65 daAuts
